 Dungeon Crawl Stone Soup version 0.30-a0-509-gd016549fea (webtiles) character file.

Game seed: 5680600902618419025

73 greenreed the Gusty (level 4, 0/24 HPs)
             Began as a Tengu Air Elementalist on Dec 22, 2022.
             Slain by a howler monkey (6 damage)
             ... on level 3 of the Dungeon.
             The game lasted 00:02:18 (2273 turns).

greenreed the Gusty (Tengu Air Elementalist)        Turns: 2273, Time: 00:02:19

Health: 0/24       AC:  2    Str:  9    XL:     4   Next: 27%
Magic:  0/8        EV: 12    Int: 17    God:
Gold:   129        SH:  0    Dex: 14    Spells: 6/7 levels left

rFire   . . .      SeeInvis .    (no weapon)
rCold   . . .      Faith    .    (no shield)
rNeg    . . .      Spirit   .    a - +0 robe
rPois   .          Reflect  .    (helmet restricted)
rElec   .          Harm     .    (no cloak)
rCorr   .          Rampage  .    (no gloves)
Will    .....                    (boots unavailable)
Stlth   ++........               (no amulet)
HPRegen 0.24/turn                (no ring)
MPRegen 0.11/turn                (no ring)

@: no status effects
A: beak, talons 3
a: no special abilities


You were on level 3 of the Dungeon.
You visited 1 branch of the dungeon, and saw 3 of its levels.

You collected 129 gold pieces.

Inventory:

Armour
 a - a +0 robe (worn)
Scrolls
 c - 2 scrolls of identify {unknown}
 e - a scroll of acquirement {unknown}
 f - 2 scrolls of enchant armour {unknown}
 g - a scroll of blinking {unknown}
 h - a scroll of fog {unknown}
 i - a scroll of enchant weapon {unknown}
Potions
 b - 2 potions of magic
 d - a potion of haste {unknown}
 j - a potion of flight {unknown}


   Skills:
 + Level 2.5 Dodging
 + Level 2.2 Stealth
 + Level 0.1 Unarmed Combat
 + Level 2.4 Spellcasting
 + Level 2.9 Conjurations
 + Level 5.1 Air Magic


You had 6 spell levels left.
You knew the following spells:

 Your Spells              Type           Power      Damage    Failure   Level
a - Shock                 Conj/Air       60%        1d6       3%          1

Your spell library contained the following spells:

 Spells                   Type           Power      Damage    Failure   Level
 Static Discharge         Conj/Air       30%        2-4/arc   5%          2
 Swiftness                Air            19%        N/A       7%          3
 Airstrike                Air            9%         2d(2-18)  22%         4
 Dazzling Flash           Conj/Hex       14%        N/A       30%         3
 Iskenderun's Mystic Bla  Conj/Tloc      7%         2d4       69%         4
 Starburst                Conj/Fire      3%         6d3       100%        6


Dungeon Overview and Level Annotations

Branches:
Dungeon (3/15)

Altars:
Cheibriados


Innate Abilities, Weirdness & Mutations

You have a beak for a mouth.
You have claws for feet.


Message History

The adder is severely wounded.
The zap misses the howler monkey.
You feel sick. The adder closely misses you.
The zap hits the adder.
The adder is almost dead.
The zap misses the howler monkey.
The zap hits the bat.
You kill the bat!
You feel sick. The adder closely misses you.
The howler monkey hoots and howls with incredible vigour!
You hear an angry hiss.
The zap hits the adder.
You kill the adder!
The zap misses the howler monkey.
You feel sick.
The zap misses the howler monkey.
You feel sick.
You are no longer poisoned.
The howler monkey hits you.
The zap hits the howler monkey.
The howler monkey is heavily wounded.
The howler monkey barely misses you. The howler monkey hits you.
You are too injured to fight recklessly!
You are too injured to fight recklessly!
You are too injured to fight recklessly!
Casting: Shock (safe; 3% risk of failure)
Confirm with . or Enter, or press ? or * to list all spells.
Aiming: Shock (safe; 3% risk of failure)
Press: ? - help, Shift-Dir - straight line, f/p - howler monkey
Aim: a howler monkey (heavily wounded, 68% to hit)
The zap hits the howler monkey.
The howler monkey is heavily wounded.
The howler monkey hits you!
* * * LOW HITPOINT WARNING * * *
Unknown command.
You hit the howler monkey. You claw the howler monkey.
Your peck misses the howler monkey.
The howler monkey is almost dead.
The howler monkey hoots and howls with incredible vigour!
You hear a bark!
You hit the howler monkey.
The howler monkey is almost dead.
The howler monkey hits you.
You die...

# .. ... .... #####
###### .....
##...###.....
#.!..########.....##.####
#.†..h@..............#
#....########.....##.#.#
..... ##...###.#.# .###
##### #.#.# #.#.# #.#.#
## #.#.## ..#####.....
#.#.<.......


You could see a howler monkey (catching breath).

Vanquished Creatures
  3 adders
  4 dart slugs
  4 bats
  4 endoplasms
  3 giant cockroaches
  A goblin (D:1)
  6 hobgoblins
  3 ball pythons
  5 frilled lizards
  4 kobolds
  A rat (D:2)
38 creatures vanquished.

Notes
Turn   | Place    | Note
-------+----------+-------------------------------------------
     0 | D:1      | greenreed the Tengu Air Elementalist began the quest for
                  | the Orb.
     0 | D:1      | Reached XP level 1. HP: 10/10 MP: 4/4
   356 | D:1      | Reached XP level 2. HP: 15/15 MP: 0/6
   910 | D:2      | Reached XP level 3. HP: 19/19 MP: 3/7
  1107 | D:2      | Found a snail-covered altar of Cheibriados.
  1379 | D:2      | Reached skill level 5 in Air Magic
  1815 | D:2      | Reached XP level 4. HP: 24/24 MP: 5/8
  2273 | D:3      | Slain by a howler monkey

Illustrated notes

Levels and vault maps discovered:
D:1:      ebering_trefoil_twist, layout_loops_ring, minmay_tetromino_t2
D:2:      layout_loops_ring, basic_altar, kennysheep_cross_room,
          kennysheep_potato
D:3:      layout_loops_ring, shapermc_ecumenical_altar_petra,
          gammafunk_ghost_abyssal_escape, serial_shops,
          nicolae_shop_hallway_plus, minmay_unequal

Skill      XL: |  1  2  3 |
---------------+----------+-----
Air Magic      | 5 |  5.1
Conjurations   | 2 |  2.9
Dodging        | |  2.5
Stealth        | |  2.2
Unarmed Combat | |  0.1
Spellcasting   | |  2.4

Action                   |  1- 3 |  4- 6 || total
-------------------------+-------+-------++-------
Melee: Unarmed           |     9 |     2 ||    11
       Kick              |     4 |     1 ||     5
       Peck              |     1 |       ||     1
 Cast: Shock             |    74 |    14 ||    88
Armor: Robe              |     2 |       ||     2
Dodge: Dodged            |     7 |     4 ||    11

Table legend: (Time is in decaauts)
 A = Elapsed time spent in this place.
 B = Non-inter-level travel time spent in this place.
 C = Inter-level travel time spent in this place.
 D = Time resting spent in this place.
 E = Time spent auto-exploring this place.
 F = Levels seen in this place.
 G = Mean time per level.
                   A        B        C        D        E       F      G
               +--------+--------+--------+--------+--------+-----+--------+
         Total |   2272 |   2201 |     71 |      0 |   2025 |   3 |  757.3 |
       Dungeon |   2272 |   2201 |     71 |      0 |   2025 |   3 |  757.3 |
               +--------+--------+--------+--------+--------+-----+--------+

Top non-repeatable levels by time:
     D:2: 1243 daAuts
     D:1: 906 daAuts
     D:3: 122 daAuts
